 Dungeon Crawl Stone Soup version 0.27.1-33-g824d729ab1 (webtiles) character file.

Game seed: 18178890467196228688

268 BigCheese the Destroyer (level 6, 0/38 HPs)
             Began as a Tengu Conjurer on Dec 13, 2021.
             Succumbed to a kobold brigand's curare-tipped dart
             ... in a sewer on Dec 14, 2021.
             The game lasted 00:21:03 (2356 turns).

BigCheese the Destroyer (Tengu Conjurer)            Turns: 2356, Time: 00:21:04

Health: 0/38       AC:  2    Str:  7    XL:     6   Next: 21%
Magic:  18/23      EV: 20    Int: 21    God:
Gold:   103        SH:  0    Dex: 12    Spells: 8/14 levels left

rFire    . . .     SeeInvis .     - Unarmed
rCold    . . .     Faith    .   (no shield)
rNeg     . . .     Spirit   .   a - +0 robe
rPois    .         Reflect  .   (helmet restricted)
rElec    .         Harm     .   (no cloak)
rCorr    .         Rampage  .   (no gloves)
Will     .....                  (boots unavailable)
Stlth    +++.......             (no amulet)
HPRegen  0.12/turn              b - ring of magical power
MPRegen  0.18/turn              h - +4 ring of evasion

@: lethally poisoned (0 -> -5), flying quickly and evasively, slowed, very slow
A: beak, talons 3, nimble flight
a: no special abilities


You were in a sewer.
You visited 1 branch of the dungeon, and saw 3 of its levels.
You also visited: Sewer.

You collected 103 gold pieces.

Inventory:

Armour
 a - a +0 robe (worn)
 e - a +0 leather armour
 i - a +0 ring mail
Jewellery
 b - a ring of magical power (left hand)
 h - a +4 ring of evasion (right hand)
Wands
 m - a wand of digging (4)
Scrolls
 c - 2 scrolls of identify {unknown}
 d - 2 scrolls of brand weapon {unknown}
 f - a scroll of teleportation {unknown}
 g - a scroll of magic mapping {unknown}
 k - a scroll of amnesia {unknown}
 l - a scroll of holy word {unknown}
 n - a scroll of noise {unknown}
Potions
 j - a potion of experience


   Skills:
 + Level 4.0 Fighting
 + Level 3.1 Staves
 * Level 5.2 Dodging
 + Level 5.5 Stealth
 + Level 3.1 Unarmed Combat
 * Level 4.9 Spellcasting
 * Level 8.7 Conjurations
 + Level 2.9 Hexes
 + Level 2.3 Invocations
 + Level 2.7 Evocations


You had 8 spell levels left.
You knew the following spells:

 Your Spells              Type           Power      Damage    Failure   Level
a - Magic Dart            Conj           100%       1d8       1%          1
b - Searing Ray           Conj           82%        3d6       1%          2
c - Dazzling Flash        Conj/Hex       58%        N/A       3%          3

Your spell library contained the following spells:

 Spells                   Type           Power      Damage    Failure   Level
 Fulminant Prism          Conj/Hex       14%        3d9       10%         4
 Iskenderun's Mystic Bla  Conj/Tloc      23%        2d6       19%         4


Dungeon Overview and Level Annotations

Branches:
Dungeon (3/15)              Sewer (1/1)

Altars:
Elyvilon


Innate Abilities, Weirdness & Mutations

You have a beak for a mouth.
You have claws for feet.
Your magical nature lets you fly swiftly and evasively.


Message History

Press: ? - help, Q - select action, (/) - cycle Shift-Dir - straight line, f - kobold
Aim: a kobold, wielding a +0 short sword and quivering stones (wandering, hasn't noticed you, 100% to hit)
The magic dart hits the kobold.
You kill the kobold!
The kobold brigand throws a curare-tipped dart.
The curare-tipped dart barely misses you.
A kobold brigand is nearby!
Aiming: Magic Dart (safe; 1% risk of failure)
Press: ? - help, Q - select action, (/) - cycle Shift-Dir - straight line, f - kobold brigand
Aim: a kobold brigand, wielding a +0 whip and quivering curare-tipped darts (100% to hit)
The magic dart hits the kobold brigand.
The kobold brigand is lightly wounded.
The kobold brigand throws a curare-tipped dart.
The curare-tipped dart hits you.
You are poisoned.
You have difficulty breathing.
* * * LOW HITPOINT WARNING * * *
You feel yourself slow down.
* * * LOW HITPOINT WARNING * * *
You feel very sick.
* * * LOW HITPOINT WARNING * * *
You feel sick.
There is a lethal amount of poison in your body!
It was a potion of experience.
You feel more experienced!
Your Fighting skill gained 4 levels and is now at level 4!
Your Staves skill gained 3 levels and is now at level 3!
Your Dodging skill gained 3 levels and is now at level 5!
Your Stealth skill gained 3 levels and is now at level 5!
Your Unarmed Combat skill gained 3 levels and is now at level 3!
Your Spellcasting skill increases to level 4!
Your Conjurations skill gained 2 levels and is now at level 8!
Your Hexes skill gained 2 levels and is now at level 2!
Your Invocations skill gained 2 levels and is now at level 2!
Your Evocations skill gained 2 levels and is now at level 2!
You have reached level 6!
Your experience leads to an increase in your attributes!
Increase (S)trength, (I)ntelligence, or (D)exterity?
You feel clever.
You die...

##.## #≈# #.!K# #≈# !∩!
# #≈# .K. ≈# ##≈## #.#
#≈## ##≈≈.###≈# #.≈.##
S.####≈....##≈##≈≈.?≈##
.K≈≈≈S.≈∩.≈≈≈≈≈@≈....≈≈
###.∩...#####.!≈≈.##
##≈≈≈## #.≈.## ##≈##
#≈## #≈# ≈# #≈# # #≈#
... .≈.


There were no monsters in sight!

Vanquished Creatures
  Ijyb (D:3)
  5 adders
  A river rat (D:3)
  2 worms
  A dart slug (D:2)
  9 bats
  4 endoplasms
  5 goblins
  7 hobgoblins
  4 jackals (D:3)
  A quokka (D:1)
  2 ball pythons
  2 frilled lizards
  5 kobolds
  7 rats
56 creatures vanquished.

Notes
Turn   | Place    | Note
-------+----------+-------------------------------------------
     0 | D:1      | BigCheese the Tengu Conjurer began the quest for the Orb.
     0 | D:1      | Reached XP level 1. HP: 10/10 MP: 4/4
   293 | D:1      | Reached XP level 2. HP: 15/15 MP: 6/6
   300 | D:1      | Learned a level 2 spell: Searing Ray
   737 | D:1      | Found a faded altar of an unknown god.
  1071 | D:2      | Reached XP level 3. HP: 19/19 MP: 7/7
  1075 | D:2      | Learned a level 3 spell: Dazzling Flash
  1491 | D:2      | Reached skill level 6 in Conjurations
  1844 | D:3      | Reached XP level 4. HP: 24/24 MP: 4/9
  1984 | D:3      | Noticed Ijyb
  1995 | D:3      | Killed Ijyb
  2097 | D:3      | Found a white marble altar of Elyvilon.
  2218 | D:3      | Gained mutation: Your magical nature lets you fly swiftly
                  | and evasively. [Tengu growth]
  2218 | D:3      | Reached XP level 5. HP: 11/28 MP: 10/10
  2307 | D:3      | Found a glowing drain.
  2313 | Sewer    | Entered a sewer
  2350 | Sewer    | Noticed a kobold brigand
  2355 | Sewer    | HP: 1/28 [poisoned by a kobold brigand (curare-tipped
                  | dart)]
  2356 | Sewer    | Reached skill level 5 in Dodging
  2356 | Sewer    | Reached skill level 5 in Stealth
  2356 | Sewer    | Reached skill level 8 in Conjurations
  2356 | Sewer    | Reached XP level 6. HP: 2/38 MP: 14/14
  2356 | Sewer    | Succumbed to a kobold brigand's curare-tipped dart

Illustrated notes

Levels and vault maps discovered:
D:1:      psy_arrival_whirlpool, layout_loops_ring,
          ebering_ecumenical_altar_box, minmay_pentomino_w2
D:2:      layout_loops_ring
D:3:      layout_loops_corners, nicolae_overflow_crystal_walls,
          mainiacjoe_overflow_paths, nicolae_uskayaw_suspiria,
          mainiacjoe_overflow_cross_hatched,
          nicolae_hepliaklqana_monster_ancestors, lightli_sewer_entry_pipes,
          uniq_crazy_yiuf_cottage, uniq_ijyb
Sewer:    sewer_co_15_rooms

Skill      XL: |  1  2  3  4  5 |
---------------+----------------+-----
Conjurations   | 6 8 |  8.7
Spellcasting   | 3 4 |  4.9
Fighting       | 4 |  4.0
Staves         | 3 |  3.1
Dodging        | 5 |  5.2
Stealth        | 5 |  5.5
Unarmed Combat | 3 |  3.1
Hexes          | 2 |  2.9
Invocations    | 2 |  2.3
Evocations     | 2 |  2.7

Action                   |  1- 3 |  4- 6 || total
-------------------------+-------+-------++-------
Melee: Unarmed           |    11 |    10 ||    21
       Kick              |     4 |     2 ||     6
       Peck              |     2 |     1 ||     3
 Cast: Magic Dart        |    52 |    17 ||    69
       Searing Ray       |    15 |     9 ||    24
  Use: Potion            |     1 |     1 ||     2
Armor: Robe              |     7 |     5 ||    12
Dodge: Dodged            |    24 |    62 ||    86
